 Dungeon Crawl Stone Soup version 0.31-a0-204-g7da18cac08 (webtiles) character file.

Game seed: 14017988574820658863

3280 qw the Skirmisher (level 9, -7/52 HPs)
             Began as a Deep Elf Hunter on June 27, 2023.
             Was a Believer of Okawaru.
             Mangled by a five-headed hydra (13 damage)
             ... on level 8 of the Dungeon.
             The game lasted 00:02:33 (6198 turns).

qw the Skirmisher (Deep Elf Hunter)                 Turns: 6198, Time: 00:02:34

Health: -7/52      AC:  9    Str: 17    XL:     9   Next: 69%
Magic:  13/14      EV: 22    Int: 14    God:    Okawaru [**....]
Gold:   350        SH:  0    Dex: 31    Spells: 8/8 levels left

rFire   + . .        Y - +2 shortbow (elec)
rCold   + . .        (shield currently unavailable)
rNeg    . . .        m - +0 scale mail of Uraatap {rF+ Str+6 Dex+3}
rPois   .            (no helmet)
rElec   .            (no cloak)
rCorr   .            (no gloves)
SInv    .            e - +0 pair of boots
Will    .....        (no amulet)
Stlth   +++          b - +6 ring of dexterity
HPRegen 0.28/turn    l - ring of protection from cold
MPRegen 0.14/turn

%: no passive effects
@: about to teleport, heroic
A: hooves 1, agile 1
a: Renounce Religion, Heroism


You were on level 8 of the Dungeon.
You worshipped Okawaru.
Okawaru was pleased with you.
You visited 2 branches of the dungeon, and saw 9 of its levels.
You also visited: Sewer.

You collected 550 gold pieces.
You spent 200 gold pieces at shops.


Innate Abilities, Weirdness & Mutations

You have large cloven feet.
You are agile. (Dex +4, Str/Int -1)


   Skills:
 - Level 4.2(9.2) Fighting
 - Level 14.0(19.0) Ranged Weapons
 - Level 2.1(7.1) Armour
 + Level 7.6(12.6) Dodging
 - Level 1.2(6.2) Stealth
 - Level 4.3 Invocations


You had 8 spell levels left.
You didn't know any spells.
Your spell library was empty.

Inventory:

Hand Weapons
 Y - a +2 shortbow of electrocution (weapon)
Armour
 e - a +0 pair of boots (worn)
 m - the +0 scale mail of Uraatap (worn) {rF+ Str+6 Dex+3}
   (You acquired it on level 5 of the Dungeon)

   Str:       It affects your strength (+6).
   Dex:       It affects your dexterity (+3).
   rF:        It protects you from fire.
Jewellery
 b - a +6 ring of dexterity (left hand)
 h - a +6 ring of strength
 l - a ring of protection from cold (right hand)
 q - a ring of protection from fire
Scrolls
 d - a scroll of identify
 p - 4 scrolls of teleportation
 s - a scroll of immolation {unknown}
Potions
 a - 4 potions of heal wounds
 c - a potion of degeneration {unknown}
 f - 2 potions of enlightenment
 g - 2 potions of curing
 i - 2 potions of mutation
 j - a potion of resistance
 k - a potion of magic
 n - a potion of might
 o - a potion of haste
 r - a potion of cancellation
 t - a potion of lignification {unknown}

Dungeon Overview and Level Annotations

Branches:
Dungeon (8/15)             Temple (1/1) D:4           Sewer (visited)
   Lair: D:8-11

Altars:
Ashenzari
Cheibriados
Dithmenos
Elyvilon
Fedhas
Gozag
Hepliaklqana
Kikubaaqudgha
Makhleb
Nemelex Xobeh
Okawaru
Qazlal
Ru
Sif Muna
Trog
Uskayaw
Vehumet
Wu Jian
Xom
Zin
The Shining One

Shops:
D:5 *

Annotations:
D:7 2 transporters, Grum; qw's ghost, amateur DEHu


Message History

Enter note:
Enter note:
Enter note:
Enter note:
Enter note:
6191 ||| INVOKING Heroism.
You gain the combat prowess of a mighty hero.
The acid dragon roars!
You shoot an arrow.
The arrow barely misses the five-headed hydra.
You shoot an arrow. The arrow hits the five-headed hydra.
The five-headed hydra is lightly wounded.
You shoot an arrow. The arrow hits the five-headed hydra.
The five-headed hydra is lightly wounded.
You shoot an arrow. The arrow hits the five-headed hydra.
Lightning courses through the five-headed hydra!!
The five-headed hydra is moderately wounded.
The five-headed hydra bites you but does no damage.
The five-headed hydra bites you! The five-headed hydra bites you.
The five-headed hydra bites you but does no damage.
The five-headed hydra closely misses you.
You shoot an arrow. The arrow hits the five-headed hydra!
The five-headed hydra is heavily wounded.
The five-headed hydra bites you but does no damage.
The five-headed hydra misses you. The five-headed hydra bites you.
The five-headed hydra bites you! x2
You shoot an arrow. The arrow hits the five-headed hydra!
The five-headed hydra is severely wounded.
The acid dragon spits acid at you. The splash of acid misses you.
The five-headed hydra bites you!
The five-headed hydra completely misses you. x2
The five-headed hydra misses you.
The five-headed hydra closely misses you.
6198 ||| READING 5 scrolls of teleportation.
As you read the scroll of teleportation, it crumbles to dust.
You feel strangely unstable. The acid dragon bites you.
The acid dragon misses you.
The five-headed hydra closely misses you.
The five-headed hydra misses you. The five-headed hydra bites you!
You die...

#.#~# #~~# #.#.# #.#
#.~~#.##~#####.#.####.#
#.~##..#~.............#
#.~#...#~#######.######
###.~#. .#~~# #.#
##...~#...##~# #<# ##
#..#~~#..#.#~## #.# #.
#.#~~##.#DD#~.# #.# #.
#.~~##.#.#@#~.# #.# ###.
##.~####.~.##~.#####.####...
#..~#~#.#.#.#~~#.......##.#.
##.#~~~#~.#.~##~~.......##.#.
#..###~#.#.#.###~.##....##.#.
#.## #~##.~..#~#~.##..#.##.##
#.# #~#.#..##~~~.##.......#
#.# #~#~..#~#~.#.......####
#.# ##~##.#..#~######'###


You could see a five-headed hydra and an acid dragon (catching breath).

Vanquished Creatures
  Prince Ribbit (D:7)
  6 yaks (D:8)
  2 steam dragons (D:7)
  A water moccasin (D:5)
  4 sky beasts
  A black bear (D:6)
  A centaur (D:7)
  3 bullfrogs
  A gnoll sergeant (D:7)
  3 scorpions
  A wight (D:8)
  2 howler monkeys (D:8)
  2 jellies (D:5)
  2 orc priests
  3 hounds
  5 iguanas
  3 sleepcaps
  2 orc wizards (D:4)
  A hell rat (Sewer)
  5 gnolls (D:7)
  8 adders
  A river rat (Sewer)
  3 shadow imps
  3 white imps (D:6)
  An ufetubus (D:6)
  2 worms
  7 dart slugs
  15 orcs
  5 bats
  5 endoplasms
  4 giant cockroaches
  9 goblins
  6 hobgoblins
  12 quokkas
  7 ball pythons
  4 frilled lizards
  5 kobolds
  5 rats
151 creatures vanquished.

Notes
Turn   | Place    | Note
-------+----------+-------------------------------------------
     0 | D:1      | qw the Deep Elf Hunter began the quest for the Orb.
     0 | D:1      | Reached XP level 1. HP: 12/12 MP: 3/3
     0 | D:1      | 0 ||| qw: Version: 0.3-a-22-g0ed2b0b
     0 | D:1      | 0 ||| qw: Game counter: 6533
     0 | D:1      | 0 ||| qw: Melee chars always use a shield: true
     0 | D:1      | 0 ||| qw: God list: Okawaru
     0 | D:1      | 0 ||| qw: Allow faded altars: false
     0 | D:1      | 0 ||| qw: Do Orc after clearing Dungeon:15 true
     0 | D:1      | 0 ||| qw: Do second Lair branch before Depths: true
     0 | D:1      | 0 ||| qw: Lair rune preference: random
     0 | D:1      | 0 ||| qw: Goals: Normal
     0 | D:1      | 0 ||| PLANNING D:1-11
   112 | D:1      | Reached skill level 6 in Ranged Weapons
   112 | D:1      | Reached XP level 2. HP: 8/16 MP: 4/4
   315 | D:1      | Reached XP level 3. HP: 20/20 MP: 5/5
   428 | D:1      | Reached skill level 7 in Ranged Weapons
   428 | D:1      | 428 ||| FLEEEEING.
   429 | D:1      | 429 ||| FLEEEEING.
   430 | D:1      | 430 ||| FLEEEEING.
   431 | D:1      | 431 ||| FLEEEEING.
   432 | D:1      | 432 ||| FLEEEEING.
   433 | D:1      | 433 ||| FLEEEEING.
   434 | D:1      | 434 ||| FLEEEEING.
   435 | D:1      | 435 ||| FLEEEEING.
   436 | D:1      | 436 ||| FLEEEEING.
   437 | D:1      | 437 ||| FLEEEEING.
   438 | D:1      | 438 ||| FLEEEEING.
   439 | D:1      | 439 ||| FLEEEEING.
   440 | D:1      | 440 ||| FLEEEEING.
   441 | D:1      | 441 ||| FLEEEEING.
   516 | D:1      | 516 ||| UPGRADING to amulet of guardian spirit.
   521 | D:1      | 521 ||| READING scroll labelled RYREMA ELAA.
   522 | D:1      | 522 ||| DRINKING 2 fizzy coppery potions.
   522 | D:1      | Gained mutation: You are robust. (+10% HP) [potion of
                  | mutation]
   522 | D:1      | Gained mutation: Your flesh is heat resistant. (rF+)
                  | [potion of mutation]
   522 | D:1      | Gained mutation: You occasionally lose the ability to drink
                  | potions when taking damage. [potion of mutation]
   528 | D:1      | 528 ||| DRINKING potion of mutation.
   528 | D:1      | Lost mutation: You occasionally lose the ability to drink
                  | potions when taking damage. [potion of mutation]
   528 | D:1      | Lost mutation: Your flesh is heat resistant. (rF+) [potion
                  | of mutation]
   528 | D:1      | Lost mutation: You are robust. (+10% HP) [potion of
                  | mutation]
   528 | D:1      | Gained mutation: You have large cloven feet. [potion of
                  | mutation]
   528 | D:1      | Gained mutation: You are agile. (Dex +4, Str/Int -1)
                  | [potion of mutation]
   529 | D:1      | 529 ||| DRINKING 2 fuming silvery potions.
   530 | D:1      | 530 ||| DROPPING scroll of butterflies.
   614 | D:2      | Reached skill level 3 in Dodging
   650 | D:2      | Reached XP level 4. HP: 20/25 MP: 4/6
   720 | D:2      | Found a faded altar of an unknown god.
  1060 | D:2      | 1060 ||| UPGRADING to +3 scale mail of positive energy.
  1070 | D:2      | 1070 ||| DROPPING +0 leather armour.
  1071 | D:2      | 1071 ||| UPGRADING to +6 ring of dexterity.
  1072 | D:2      | 1072 ||| READING 2 scrolls labelled BEQOYCV OKEN.
  1073 | D:2      | 1073 ||| READING scroll labelled UTAURCH JYGUA.
  1074 | D:2      | 1074 ||| READING scroll labelled YRETEPS DIKO.
  1075 | D:2      | 1075 ||| READING scroll labelled JICONOSSEAB.
  1076 | D:2      | 1076 ||| READING scroll labelled YRUXKO HAMEYM.
  1077 | D:2      | 1077 ||| READING 3 scrolls labelled ZEIFEM IPSU.
  1082 | D:2      | 1082 ||| DRINKING 2 fuming dark potions.
  1777 | D:3      | 1777 ||| UPGRADING to ring of protection from fire.
  1778 | D:3      | 1778 ||| READING scroll labelled TUGO OPASOFRO.
  1779 | D:3      | 1779 ||| DRINKING 2 fuming amethyst potions.
  1780 | D:3      | 1780 ||| DROPPING potion of attraction.
  1815 | D:4      | Reached skill level 8 in Ranged Weapons
  1815 | D:4      | Reached XP level 5. HP: 29/29 MP: 7/7
  1873 | D:4      | 1873 ||| FLEEEEING.
  1874 | D:4      | 1874 ||| FLEEEEING.
  1875 | D:4      | 1875 ||| FLEEEEING.
  1899 | D:4      | 1899 ||| DRINKING 2 potions of curing.
  1899 | D:4      | 1899 ||| (to cure confusion)
  1902 | D:4      | Reached skill level 9 in Ranged Weapons
  2037 | D:4      | Found a snail-covered altar of Cheibriados.
  2185 | D:4      | Found a staircase to the Ecumenical Temple.
  2186 | D:4      | 2186 ||| PLANNING TEMPLE
  2191 | D:4      | 2191 ||| READING 3 scrolls of identify.
  2191 | D:4      | 2191 ||| IDENTIFYING sapphire potion
  2192 | D:4      | 2192 ||| READING 2 scrolls of identify.
  2192 | D:4      | 2192 ||| IDENTIFYING grey potion
  2201 | Temple   | Entered the Ecumenical Temple
  2250 | Temple   | 2250 ||| PLANNING D:1-11
  2486 | D:4      | Reached XP level 6. HP: 35/35 MP: 8/8
  2520 | D:5      | Entered Level 5 of the Dungeon
  2521 | D:5      | 2521 ||| PLANNING SEWER
  2544 | D:5      | Reached skill level 1 in Armour
  2668 | D:5      | Noticed a water moccasin
  2674 | D:5      | Killed a water moccasin
  2675 | D:5      | Reached skill level 10 in Ranged Weapons
  2675 | D:5      | Reached XP level 7. HP: 40/40 MP: 9/9
  2775 | D:5      | Found Veciuzi's Assorted Antiques.
  2778 | D:5      | 2778 ||| BUYING murky inky potion (26 gold).
  2778 | D:5      | Bought a murky inky potion for 26 gold pieces
  2778 | D:5      | 2778 ||| BUYING potion of curing (87 gold).
  2778 | D:5      | Bought a potion of curing for 87 gold pieces
  2778 | D:5      | 2778 ||| SHOPLISTING scroll of enchant armour (217 gold,
                  | have 131).
  2778 | D:5      | 2778 ||| BUYING scroll of teleportation (87 gold).
  2778 | D:5      | Bought a scroll of teleportation for 87 gold pieces
  2778 | D:5      | 2778 ||| SHOPLISTING shiny ring mail (203 gold, have 44).
  2885 | D:5      | Found a glowing drain.
  2886 | D:5      | 2886 ||| READING scroll labelled VAMISA YFASOE.
  2887 | D:5      | 2887 ||| READING scroll labelled DUDGHUDO JODE.
  2887 | D:5      | Identified a scroll of acquirement
  2887 | D:5      | 2887 ||| ACQUIRING +0 scale mail of Uraatap {rF+ Str+6
                  | Dex+3}
  2887 | D:5      | Acquired the +0 scale mail of Uraatap {rF+ Str+6 Dex+3}
  2889 | D:5      | 2889 ||| UPGRADING to +0 scale mail of Uraatap {rF+ Str+6
                  | Dex+3}.
  2899 | D:5      | 2899 ||| DROPPING +3 scale mail of positive energy.
  2900 | D:5      | 2900 ||| UPGRADING to ring of protection from cold.
  2902 | D:5      | 2902 ||| READING scroll labelled GELLAO YRROU.
  2903 | D:5      | 2903 ||| READING 2 scrolls of identify.
  2903 | D:5      | 2903 ||| IDENTIFYING cyan potion
  2905 | D:5      | 2905 ||| Stepping ~*~*~tactically~*~*~ (cloud).
  3088 | D:5      | 3088 ||| Stepping ~*~*~tactically~*~*~ (water).
  3102 | Sewer    | Entered a sewer
  3105 | Sewer    | 3105 ||| Stepping ~*~*~tactically~*~*~ (water).
  3107 | Sewer    | 3107 ||| Stepping ~*~*~tactically~*~*~ (water).
  3127 | Sewer    | 3127 ||| Stepping ~*~*~tactically~*~*~ (water).
  3129 | Sewer    | 3129 ||| Stepping ~*~*~tactically~*~*~ (water).
  3134 | Sewer    | 3134 ||| Stepping ~*~*~tactically~*~*~ (water).
  3146 | Sewer    | 3146 ||| READING scroll of enchant weapon.
  3146 | Sewer    | 3146 ||| ENCHANTING +1 shortbow.
  3163 | Sewer    | 3163 ||| READING scroll labelled XINECSAOKEN.
  3164 | Sewer    | 3164 ||| DRINKING 2 murky inky potions.
  3165 | Sewer    | 3165 ||| DROPPING potion of brilliance.
  3176 | D:5      | 3176 ||| PLANNING D:1-11
  3216 | D:5      | Found a glowing silver altar of Zin.
  3220 | D:5      | Found an iron altar of Okawaru.
  3220 | D:5      | Found a stormy altar of Qazlal.
  3221 | D:5      | 3221 ||| PLANNING OKAWARU WORSHIP
  3223 | D:5      | Found a white marble altar of Elyvilon.
  3228 | D:5      | Became a worshipper of Warmaster Okawaru
  3229 | D:5      | 3229 ||| PLANNING D:1-11
  3229 | D:5      | 3229 ||| REMOVING amulet of guardian spirit.
  3487 | D:5      | 3487 ||| DROPPING amulet of guardian spirit.
  3537 | D:6      | Reached skill level 11 in Ranged Weapons
  3920 | D:6      | 3920 ||| DRINKING 2 murky silvery potions.
  3921 | D:6      | 3921 ||| DRINKING 2 bubbling yellow potions.
  3922 | D:6      | 3922 ||| DRINKING 3 potions of curing.
  3922 | D:6      | 3922 ||| (to cure confusion)
  3923 | D:6      | 3923 ||| DROPPING potion of ambrosia.
  3978 | D:7      | Reached * piety under Okawaru
  4131 | D:7      | Reached skill level 1 in Invocations
  4131 | D:7      | Reached XP level 8. HP: 35/44 MP: 9/11
  4229 | D:7      | Identified the +5 war axe "Lyr Viom" {flame, Will- Str+2
                  | Stlth+}
  4236 | D:7      | Identified the +0 buckler "Isiubla" {Str+2 Int+2 SInv}
  4270 | D:7      | Found a transporter.
  4279 | D:7      | Noticed qw's ghost (amateur DEHu)
  4286 | D:7      | Noticed Grum
  4310 | D:7      | 4310 ||| INVOKING Heroism.
  4324 | D:7      | Reached skill level 12 in Ranged Weapons
  4324 | D:7      | Reached skill level 3 in Invocations
  4325 | D:7      | 4325 ||| FLEEEEING.
  4374 | D:7      | 4374 ||| INVOKING Heroism.
  4452 | D:7      | Found a transporter.
  4503 | D:7      | 4503 ||| INVOKING Heroism.
  4505 | D:7      | Reached skill level 3 in Fighting
  4580 | D:7      | 4580 ||| INVOKING Heroism.
  4634 | D:7      | Noticed Prince Ribbit
  4635 | D:7      | 4635 ||| INVOKING Heroism.
  4641 | D:7      | Killed Prince Ribbit
  4673 | D:7      | Reached skill level 13 in Ranged Weapons
  4673 | D:7      | Reached XP level 9. HP: 51/51 MP: 14/14
  4674 | D:7      | 4674 ||| Stepping ~*~*~tactically~*~*~ (outnumbered).
  4676 | D:7      | 4676 ||| Stepping ~*~*~tactically~*~*~ (outnumbered).
  4678 | D:7      | 4678 ||| Stepping ~*~*~tactically~*~*~ (outnumbered).
  4885 | D:7      | Reached skill level 6 in Dodging
  5119 | D:7      | 5119 ||| UPGRADING to +0 pair of boots.
  5124 | D:7      | 5124 ||| READING 4 scrolls of identify.
  5124 | D:7      | 5124 ||| IDENTIFYING murky red potion
  5125 | D:7      | 5125 ||| READING 3 scrolls of identify.
  5125 | D:7      | 5125 ||| IDENTIFYING bubbling puce potion
  5126 | D:7      | 5126 ||| READING 2 scrolls of identify.
  5126 | D:7      | 5126 ||| IDENTIFYING metallic golden potion
  5127 | D:7      | 5127 ||| DROPPING potion of invisibility.
  5571 | D:8      | Reached ** piety under Okawaru
  5626 | D:8      | Reached skill level 14 in Ranged Weapons
  5640 | D:8      | 5640 ||| INVOKING Heroism.
  5656 | D:8      | 5656 ||| INVOKING Heroism.
  6190 | D:8      | Noticed a five-headed hydra
  6191 | D:8      | 6191 ||| INVOKING Heroism.
  6197 | D:8      | HP: 6/52 [five-headed hydra (10)]
  6198 | D:8      | 6198 ||| READING 5 scrolls of teleportation.
  6198 | D:8      | Mangled by a five-headed hydra

Levels and vault maps discovered:
D:1:      dpeg_arrival_concentric_ovals, layout_basic
D:2:      layout_rooms, hellmonk_ecumenical_altar_lost_god, interstate_on_off
D:3:      layout_basic
D:4:      layout_loops_ring, kennysheep_slug_shrine,
          minmay_temple_entry_glassed_door
D:5:      layout_cave_pools, grunt_temple_overflow_open, serial_shops,
          kennysheep_mini, cheibrodos_sewer_entry_bend,
          nicolae_elevator_lobby_plus
D:6:      layout_basic
D:7:      layout_basic, gammafunk_ghost_gnarly_gnolls, hangedman_misty_isle,
          uniq_prince_ribbit1
D:8:      layout_loops_corners, chequers_serial_rivers_small_3,
          minmay_manual_mullet
Temple:   nicolae_temple_x_marks_the_god

Skill      XL: |  1  2  3  4  5  6  7  8  9 |
---------------+----------------------------+-----
Ranged Weapons | 6 7 8 9 10 11 13 14 | 14.0
Dodging        | 3 5 7 |  7.6
Fighting       | 2 3 4 |  4.2
Armour         | 1 2 |  2.1
Invocations    | 1 4 |  4.3
Stealth        | |  1.2

Action                     |  1- 3 |  4- 6 |  7- 9 || total
---------------------------+-------+-------+-------++-------
   Fire: Shortbow          |   109 |   155 |   237 ||   501
 Invoke: Heroism           |       |       |     8 ||     8
    Use: Potion            |     3 |     3 |     4 ||    10
         Scroll            |     1 |     9 |    10 ||    20
 Armour: Leather armour    |     4 |       |       ||     4
         Scale mail        |       |    20 |    16 ||    36
  Dodge: Dodged            |    17 |    34 |    69 ||   120

Table legend:
 A = Non-vault XP
 B = Vault XP
 C = Vault XP percentage of total XP
 D = Non-vault monster count
 E = Vault monster count
 F = Vault count percentage of total count
                 A         B        C        D         E       F
            +---------+---------+-------+---------+---------+-------
      Total |    3521 |    1166 |  24.9 |     137 |      14 |   9.3
            +---------+---------+-------+---------+---------+-------
        D:1 |      71 |       0 |   0.0 |      35 |       0 |   0.0
        D:2 |      70 |       0 |   0.0 |      17 |       0 |   0.0
        D:3 |      33 |       0 |   0.0 |      10 |       0 |   0.0
        D:4 |     212 |       4 |   1.9 |      19 |       1 |   5.0
        D:5 |     573 |       5 |   0.9 |      12 |       1 |   7.7
        D:6 |     248 |       0 |   0.0 |       8 |       0 |   0.0
        D:7 |     733 |    1031 |  58.4 |      24 |       7 |  22.6
        D:8 |    1581 |      78 |   4.7 |      12 |       1 |   7.7
      Sewer |       0 |      48 | 100.0 |       0 |       4 | 100.0
            +---------+---------+-------+---------+---------+-------
